 Dungeon Crawl Stone Soup version 0.30-a0-168-g0b976cbdc4 (webtiles) character file.

Game seed: 17750641034146367181

3316 LnG the Covert (level 10, 0/56 HPs)
             Began as a Kobold Summoner on Sept 29, 2022.
             Was an Initiate of Yredelemnul.
             Slain by an orc warrior
             ... wielding a +0 war axe
              (9 damage)
             ... in a bailey.
             The game lasted 00:24:11 (10261 turns).

LnG the Covert (Kobold Summoner)                   Turns: 10261, Time: 00:24:11

Health: 0/56       AC:  3    Str:  5    XL:     10   Next: 21%
Magic:  12/18      EV: 17    Int: 21    God:    Yredelemnul [......]
Gold:   375        SH:  0    Dex: 16    Spells: 7/20 levels left

rFire   . . .      SeeInvis .    r - +6 flail (drain)
rCold   . . .      Faith    .    (no shield)
rNeg    . . .      Spirit   .    a - +0 robe
rPois   .          Reflect  .    (no helmet)
rElec   .          Harm     .    H - +0 cloak
rCorr   .          Rampage  .    (no gloves)
Will    .....                    (no boots)
Stlth   ++++++....               (no amulet)
HPRegen 0.18/turn                w - ring of wizardry
MPRegen 0.16/turn                (no ring)

@: no status effects
A: small, no large weapons, nightstalker 3
a: Renounce Religion, Recall Undead Harvest


You were in a bailey.
You worshipped Yredelemnul.
Yredelemnul was noncommittal.
You visited 2 branches of the dungeon, and saw 8 of its levels.
You also visited: Ossuary and Bailey.

You collected 375 gold pieces.

Inventory:

Hand Weapons
 e - a +0 dagger
 r - a +6 flail of draining (weapon)
Armour
 a - a +0 robe (worn)
 H - a +0 cloak (worn)
Jewellery
 w - a ring of wizardry (left hand)
 F - a ring of flight
 I - the ring of Ohenekh {Str+7 Dex+6 SInv}
   (You found it on level 7 of the Dungeon)

   [ring of dexterity]

   Str:       It affects your strength (+7).
   Dex:       It affects your dexterity (+6).
   SInv:      It lets you see invisible.
Wands
 m - a wand of light (2)
 p - a wand of polymorph (6)
Scrolls
 i - a scroll of magic mapping
 j - 5 scrolls of poison
 k - 2 scrolls of summoning
 n - 3 scrolls of teleportation
 o - 2 scrolls of fog
 q - 2 scrolls of torment
 s - 2 scrolls of vulnerability
 v - a scroll of immolation
 x - a scroll of fear {unknown}
 y - 2 scrolls of silence {unknown}
 A - a scroll of brand weapon {unknown}
 D - 3 scrolls of noise {unknown}
 E - 2 scrolls of enchant armour {unknown}
Potions
 b - 2 potions of magic
 c - 2 potions of brilliance {unknown}
 d - 4 potions of curing
 f - 2 potions of heal wounds
 g - a potion of cancellation {unknown}
 h - 2 potions of flight {unknown}
 l - 2 potions of lignification {unknown}
 t - a potion of ambrosia {unknown}
 u - a potion of attraction {unknown}
 z - 2 potions of haste {unknown}
 B - a potion of resistance {unknown}
 C - a potion of might {unknown}
 G - 2 potions of mutation {unknown}


   Skills:
 + Level 4.0 Fighting
 + Level 4.1 Short Blades
 + Level 5.2 Maces & Flails
 + Level 5.5 Dodging
 + Level 10.4 Stealth
 + Level 5.8 Spellcasting
 + Level 0.3 Hexes
 + Level 6.7 Summonings
 + Level 0.2 Air Magic


You had 7 spell levels left.
You knew the following spells:

 Your Spells              Type           Power      Damage    Failure   Level
a - Summon Small Mammal   Summ           100%       N/A       1%          1
b - Call Imp              Summ           34%        N/A       1%          2
c - Call Canine Familiar  Summ           34%        N/A       1%          3
d - Summon Guardian Gole  Hex/Summ       21%        N/A       2%          3
e - Summon Lightning Spi  Summ/Air       20%        N/A       10%         4

Your spell library contained the following spells:

 Spells                   Type           Power      Damage    Failure   Level
 Foxfire                  Conj/Fire      24%        2x1d5     4%          1
 Inner Flame              Hex/Fire       6%         N/A       12%         3
 Summon Forest            Summ/Tloc      10%        N/A       26%         5
 Flame Wave               Conj/Fire      6%         2d5       36%         4
 Sticky Flame             Conj/Fire      6%         2d3       36%         4
 Summon Hydra             Summ           17%        N/A       87%         7
 Eringya's Noxious Bog    Tmut/Pois      3%         N/A       99%         6


Dungeon Overview and Level Annotations

Branches:
Dungeon (7/15)             Temple (1/1) D:5         Ossuary (visited)
 Bailey (1/1)

Altars:
Ashenzari
Cheibriados
Dithmenos
Elyvilon
Fedhas
Gozag
Hepliaklqana
Kikubaaqudgha
Makhleb
Nemelex Xobeh
Okawaru
Qazlal
Ru
Sif Muna
Trog
Vehumet
Wu Jian
Xom
Yredelemnul
The Shining One


Innate Abilities, Weirdness & Mutations

You are small and have problems with some larger weapons.
You are completely attuned to the shadows.


Message History

The hobgoblin hits your goblin zombie with a +0 hand axe.
The orc warrior hits you with a +0 war axe!
The orc warrior barely misses your hound.
The orc warrior hits your lightning spire with a +0 war axe!
Your goblin zombie barely misses the hobgoblin.
You barely miss the orc warrior.
Your lightning spire shoots out a bolt of lightning at the orc warrior!
The bolt of electricity hits the orc warrior.
Your hound barely misses the orc warrior.
The orc warrior hits you with a +0 war axe!
The orc warrior hits your hound with a +0 war axe!
The orc warrior hits your lightning spire but does no damage.
The orc warrior hits your hobgoblin zombie with a +0 war axe!
Your hobgoblin zombie is destroyed!
The gnoll hits you with a +0 hand axe.
The gnoll hits your goblin zombie with a +0 hand axe.
Your goblin zombie is destroyed!
A hobgoblin comes into view. It is wielding a +0 hand axe.
The hobgoblin hits you with a +0 hand axe.
Your hound closely misses the orc warrior.
Your lightning spire shoots out a bolt of lightning at the orc warrior!
The bolt of electricity hits the orc warrior!
You strike the helpless orc warrior from behind!
You sock the orc warrior!
The orc warrior is almost dead.
The hobgoblin hits you with a +0 hand axe.
The orc warrior barely misses you.
The orc warrior hits your lightning spire with a +0 war axe.
The orc warrior barely misses your hound.
The gnoll hits you with a +0 hand axe.
* * * LOW HITPOINT WARNING * * *
Your hound bites the orc warrior but does no damage.
Your lightning spire shoots out a bolt of lightning at the orc warrior!
The bolt of electricity misses the orc warrior.
An orc knight comes into view. It is wielding a +0 war axe.
The gnoll hits you with a +0 hand axe.
* * * LOW HITPOINT WARNING * * *
The orc warrior hits you with a +0 war axe!
You die...
Your body rises from the dead as a mindless zombie.

..o...... .........
#.)...g.# #..g)oh.#
#.g@.8# ####'##
##.....## #.......#
#.......##
#).......)#
#.........##
#######.....⌠.....#
##).)..##.........##


You could see an orc knight, an orc warrior (ally target), a gnoll, 2
hobgoblins, a friendly lightning spire (summoned) and a friendly hound
(summoned).

Vanquished Creatures
  Prince Ribbit (D:5)
  Eustachio (D:4)
  2 water moccasins
  A black bear (D:6)
  3 ogres
  2 ice beasts (D:5)
  A phantom (D:6)
  4 scorpions
  4 necrophages
  2 hounds
  A human zombie (Ossuary)
  An orc priest (D:4)
  4 iguanas
  Natasha (twice) (D:4)
  An orc wizard (D:4)
  A mummy (D:7)
  3 adders
  2 gnolls
  5 adder zombies (Ossuary)
  A worm (D:4)
  5 dart slugs
  9 orcs
  2 endoplasms
  A giant cockroach (D:3)
  7 goblins
  7 hobgoblins
  5 jackals
  4 quokkas
  3 ball pythons
  A bat (D:3)
  3 frilled lizards
  2 goblin zombies (Ossuary)
  5 hobgoblin zombies (Ossuary)
  6 kobolds
  A kobold zombie (Ossuary)
  A quokka zombie (Ossuary)
  5 rats
  3 rat zombies (Ossuary)
112 creatures vanquished.

Vanquished Creatures (collateral kills)
  A two-headed ogre (D:6)
  Sigmund (D:3)
  Edmund (D:4)
  A black bear (D:5)
  An ogre (D:4)
  A gnoll bouda (D:6)
  Crazy Yiuf (D:6)
  Natasha (D:4)
  3 mummies (Ossuary)
  2 gnolls (D:6)
  3 adders
  An ufetubus (D:5)
  A dart slug (D:1)
  An orc (D:4)
  5 ball pythons
  3 bats
  5 endoplasms
  7 goblins
  2 hobgoblins (D:1)
  3 jackals (D:1)
  3 quokkas
  A frilled lizard (D:1)
  2 kobolds
  2 rats (D:1)
52 creatures vanquished.

Vanquished Creatures (others)
  A human (D:3)
  An iguana zombie (D:6)
  2 gnoll zombies (D:6)
  A goblin zombie (Bailey)
  A hobgoblin zombie (Bailey)
  An orc zombie (Bailey)
7 creatures vanquished.

Grand Total: 171 creatures vanquished

Notes
Turn   | Place    | Note
-------+----------+-------------------------------------------
     0 | D:1      | LnG the Kobold Summoner began the quest for the Orb.
     0 | D:1      | Reached XP level 1. HP: 10/10 MP: 3/3
   245 | D:1      | Reached XP level 2. HP: 9/15 MP: 3/5
   248 | D:1      | Learned a level 2 spell: Call Imp
   534 | D:1      | Reached XP level 3. HP: 16/19 MP: 2/6
   538 | D:1      | Learned a level 3 spell: Call Canine Familiar
  1602 | D:2      | Reached skill level 3 in Stealth
  1902 | D:2      | Reached XP level 4. HP: 24/24 MP: 8/8
  2043 | D:2      | Found a faded altar of an unknown god.
  2165 | D:2      | Reached skill level 1 in Short Blades
  2940 | D:3      | Reached XP level 5. HP: 28/28 MP: 5/9
  2944 | D:3      | Learned a level 3 spell: Summon Guardian Golem
  3587 | D:3      | Noticed Sigmund
  3601 | D:3      | Killed Sigmund
  3602 | D:3      | Reached skill level 1 in Fighting
  3602 | D:3      | Reached skill level 4 in Stealth
  3602 | D:3      | Reached skill level 5 in Summonings
  3602 | D:3      | Reached XP level 6. HP: 34/34 MP: 5/10
  3647 | D:3      | Found a broken altar of Ashenzari.
  3876 | D:3      | Found an ancient bone altar of Kikubaaqudgha.
  3880 | D:3      | Noticed a human
  3882 | D:3      | Killed a human
  3912 | D:3      | Found a stormy altar of Qazlal.
  4238 | D:4      | Noticed an ogre
  4249 | D:4      | Killed an ogre
  4250 | D:4      | Reached skill level 5 in Stealth
  4250 | D:4      | Reached XP level 7. HP: 23/38 MP: 7/12
  4469 | D:4      | Noticed Edmund
  4498 | D:4      | Killed Edmund
  4779 | D:4      | Noticed Eustachio
  4791 | D:4      | Killed Eustachio
  4792 | D:4      | Reached skill level 6 in Stealth
  5086 | D:4      | Noticed Natasha
  5088 | D:4      | Killed Natasha
  5184 | D:4      | Reached XP level 8. HP: 19/44 MP: 7/14
  5449 | D:4      | Noticed Natasha
  5461 | D:4      | Killed Natasha
  5566 | D:4      | Reached skill level 1 in Maces & Flails
  5566 | D:4      | Reached skill level 7 in Stealth
  5786 | D:4      | Noticed Natasha
  5791 | D:4      | Killed Natasha
  5872 | D:5      | Entered Level 5 of the Dungeon
  6571 | D:5      | Reached XP level 9. HP: 49/49 MP: 16/16
  6574 | D:5      | Reached skill level 5 in Spellcasting
  6600 | D:5      | Found a staircase to the Ecumenical Temple.
  6606 | Temple   | Entered the Ecumenical Temple
  7030 | Temple   | Became a worshipper of Yredelemnul the Dark
  7140 | D:5      | Reached skill level 5 in Dodging
  7605 | D:5      | Reached * piety under Yredelemnul
  8057 | D:5      | Noticed Prince Ribbit
  8059 | D:5      | Killed Prince Ribbit
  8060 | D:5      | Reached skill level 8 in Stealth
  8277 | D:6      | Found a radiant altar of Vehumet.
  8482 | D:6      | Reached skill level 9 in Stealth
  8714 | D:6      | Reached ** piety under Yredelemnul
  9163 | D:6      | Noticed a two-headed ogre
  9182 | D:6      | Killed a two-headed ogre
  9183 | D:6      | Reached skill level 5 in Maces & Flails
  9183 | D:6      | Reached XP level 10. HP: 9/56 MP: 8/18
  9456 | D:6      | Found a runed translucent door.
  9459 | D:6      | Noticed Crazy Yiuf
  9475 | D:6      | Learned a level 4 spell: Summon Lightning Spire
  9601 | D:6      | Killed Crazy Yiuf
  9704 | D:7      | Reached skill level 10 in Stealth
  9715 | D:7      | Found a sand-covered staircase.
  9815 | Ossuary  | Entered an ossuary
 10142 | D:7      | Identified the ring of Ohenekh {Str+7 Dex+6 SInv}
 10148 | D:7      | Found a flagged portal.
 10154 | Bailey   | Entered a bailey
 10261 | Bailey   | Noticed an orc knight
 10261 | Bailey   | Slain by an orc warrior

Illustrated notes

Levels and vault maps discovered:
D:1:      amcnicky_arrival_flooded_fountain, layout_loops_cross
D:2:      layout_loops_ring, hellmonk_ecumenical_altar_heavens_door
D:3:      layout_loops_ring, general_overflow_altar,
          nicolae_ashenzari_panopticon, tgw_kikubaaqudgha,
          chequers_serial_rivers_small_a, hangedman_decor_peaks_small,
          grunt_ministairs_6, minmay_close_crescents, uniq_sigmund
D:4:      layout_basic, uniq_natasha, uniq_edmund, uniq_eustachio
D:5:      layout_layer_cave, temple_pool_b, kennysheep_generic_room_2,
          uniq_prince_ribbit1
D:6:      layout_rooms, mainiacjoe_overflow_concentric_impassable,
          serial_rivers, chequers_serial_rivers_micro_e,
          chequers_serial_rivers_micro_e, chequers_serial_rivers_micro_d,
          chequers_serial_rivers_micro_e, uniq_crazy_yiuf_cottage
D:7:      layout_basic, gup_ossuary_entry_pyramid, enter_bailey_6,
          grunt_tough_drop
Temple:   nicolae_temple_slightly_damp_pantheon
Bailey:   bailey_axe_minmay_hex_keep, bailey

Skill      XL: |  1  2  3  4  5  6  7  8  9 10 |
---------------+-------------------------------+-----
Stealth        | 3 4 5 6 7 9 10 | 10.4
Dodging        | 3 4 5 |  5.5
Short Blades   | 1 2 3 4 |  4.1
Fighting       | 1 2 4 |  4.0
Spellcasting   | 3 4 5 |  5.8
Summonings     | 5 6 |  6.7
Maces & Flails | 2 5 |  5.2
Hexes          | |  0.3
Air Magic      | |  0.2

Action                   |  1- 3 |  4- 6 |  7- 9 | 10-12 || total
-------------------------+-------+-------+-------+-------++-------
Melee: Unarmed           |     6 |       |       |       ||     6
       Dagger            |    64 |   109 |    36 |    61 ||   270
       Flail             |       |       |    98 |    35 ||   133
       Punch             |       |       |     1 |     1 ||     2
 Cast: Summon Small Mamm |    10 |     1 |       |       ||    11
       Call Imp          |     6 |     1 |     5 |     1 ||    13
       Call Canine Famil |     7 |     7 |    19 |     4 ||    37
       Summon Guardian G |       |       |     2 |       ||     2
       Summon Lightning  |       |       |       |     3 ||     3
  Use: Scroll            |     1 |     3 |     5 |     3 ||    12
       Potion            |       |     2 |     2 |       ||     4
 Stab: Sleeping          |     6 |    14 |    24 |    13 ||    57
       Distracted        |       |     1 |       |     1 ||     2
       Betrayed ally     |       |       |       |     1 ||     1
Armor: Robe              |    15 |    13 |    15 |     4 ||    47
Dodge: Dodged            |    57 |    78 |    98 |    61 ||   294

Table legend: (Time is in decaauts)
 A = Elapsed time spent in this place.
 B = Non-inter-level travel time spent in this place.
 C = Inter-level travel time spent in this place.
 D = Time resting spent in this place.
 E = Time spent auto-exploring this place.
 F = Levels seen in this place.
 G = Mean time per level.
                   A        B        C        D        E       F      G
               +--------+--------+--------+--------+--------+-----+--------+
         Total |  10259 |   9954 |    305 |   3045 |   4988 |  10 | 1025.9 |
       Dungeon |   9435 |   9164 |    271 |   3000 |   4534 |   7 | 1347.9 |
        Temple |    447 |    413 |     34 |      0 |    395 |   1 |  447.0 |
       Ossuary |    274 |    274 |      0 |     45 |     59 |   1 |  274.0 |
        Bailey |    101 |    101 |      0 |      0 |      0 |   1 |  101.0 |
               +--------+--------+--------+--------+--------+-----+--------+

Top non-repeatable levels by time:
     D:4: 1806 daAuts
     D:5: 1783 daAuts
     D:1: 1485 daAuts
     D:6: 1444 daAuts
     D:2: 1430 daAuts
     D:3: 1301 daAuts
  Temple: 447 daAuts
 Ossuary: 274 daAuts
     D:7: 184 daAuts
  Bailey: 101 daAuts
